 Dungeon Crawl Stone Soup version bcrawl-1.31.3 (webtiles) character file.

Game seed: 1608944291008860058

93204 Artagas the Magician (level 3, -13/37 HPs)
             Began as an Ent Wanderer on Apr 5, 2021.
             Was an Initiate of Nemelex Xobeh.
             Mangled by an ogre
             ... wielding a +0 giant club
              (22 damage)
             ... on level 2 of the Dungeon.
             The game lasted 00:11:12 (1596 turns).

Artagas the Magician (Ent Wanderer)                 Turns: 1596, Time: 00:11:13

Health: -13/37     AC: 10    Str: 21    XL:     3   Next: 19%
Magic:  2/10       EV:  9    Int: 12    God:    Nemelex Xobeh [......]
Gold:   71         SH:  0    Dex:  8    Spells: 7/14 levels left

rFire    . . .     SeeInvis .   a - +0 club
rCold    . . .     Gourm    .   (no shield)
rNeg     + + +     Faith    .   (armour unavailable)
rPois    +         Spirit   .   (helmet restricted)
rElec    .         Reflect  .   (no cloak)
rCorr    .         Harm     .   (gloves unavailable)
MR       .....                  (boots unavailable)
Stlth    +.........             (no amulet)
HPRegen  0.12/turn              (no ring)
MPRegen  0.12/turn              (no ring)

@: very slightly contaminated, very slow
A: large, slow actions, passwall, strong branches, negative energy resistance 3,
poison resistance, slow metabolism 1, torment resistance, unbreathing, AC +10
a: Passwall, Draw Escape, Draw Destruction, Draw Summoning, Renounce Religion


You were on level 2 of the Dungeon.
You worshipped Nemelex Xobeh.
Nemelex Xobeh was noncommittal.
You were not hungry.

You visited 1 branch of the dungeon, and saw 2 of its levels.

You collected 71 gold pieces.

Inventory:

Hand Weapons
 a - a +0 club (weapon)
 j - a cursed -3 club
   (You found it on level 2 of the Dungeon)
Missiles
 b - 791 stones (quivered)
 c - 546 sling bullets
Jewellery
 i - an uncursed ring of protection from magic {unknown}
   (You found it on level 2 of the Dungeon)
Scrolls
 g - a scroll of enchant armour {unknown}
Potions
 d - a potion of cancellation {unknown}
 f - a potion of berserk rage {unknown}
 h - a potion of haste
 w - 2 potions of heal wounds
Comestibles
 e - 4 rations {!d}
 k - a chunk of flesh


   Skills:
 - Level 2.0 Fighting
 + Level 1.8 Maces & Flails
 - Level 1.0 Throwing
 - Level 1.2 Stealth
 - Level 6.0 Spellcasting
 - Level 1.0 Hexes
   Level 1.0 Fire Magic
 - Level 2.0 Earth Magic


You had 7 spell levels left.
You knew the following spells:

 Your Spells              Type           Power        Failure   Level  Hunger
a - Sandblast             Erth           #.....       8%          1    None
b - Slow                  Hex            #.......     12%         1    None
c - Summon Butterflies    Summ           #.......     19%         1    None
d - Blink Other           Tloc           #.....       19%         1    None
e - Infusion              Chrm           #.......     19%         1    None
f - Blink                 Tloc           N/A          26%         2    None

Your spell library contained the following spells:

 Spells                   Type           Power        Failure   Level  Hunger
 Apportation              Tloc           #.....       19%         1    None
 Portal Projectile        Tloc           #.....       47%         3    ##.....
 Teleport Other           Tloc           #.......     47%         3    ##.....
 Passage of Golubria      Tloc           N/A          99%         5    #####..


Dungeon Overview and Level Annotations

Branches:
Dungeon (2/12)

Altars:
Nemelex Xobeh


Innate Abilities, Weirdness & Mutations

You move and act slowly.
You can pass through walls and trees.
Your branches can wield two-handed weapons with a shield.
Your thick bark is tough. (AC +10)
You are too large for most types of armour.
You are immune to negative energy. (rN+++)
Your system is resistant to poisons. (rPois)
You have a slow metabolism.
You are immune to unholy pain and torment.
You can survive without breathing.


Message History

You butcher the frilled lizard corpse.
k - a chunk of flesh You see here a frilled lizard skeleton.
A worm is nearby!
You see here a frilled lizard skeleton.
You start waiting.
The ogre is too close now for your liking.
Casting: Sandblast (safe; 8% risk of failure)
Confirm with . or Enter, or press ? or * to list all spells.
You can't see any susceptible monsters within range! (Use Z to cast anyway.)
Casting: Sandblast (safe; 8% risk of failure)
Confirm with . or Enter, or press ? or * to list all spells.
Okay, then.
Throwing (i - inventory)
b - 833 stones (quivered)
Press: ? - help, Shift-Dir - straight line, f - ogre
Aim: an ogre, wielding a +0 giant club (hasn't noticed you)
You throw a stone. The ogre shouts!
The stone hits the ogre but does no damage.
Casting: Sandblast (safe; 8% risk of failure)
Confirm with . or Enter, or press ? or * to list all spells.
You can't see any susceptible monsters within range! (Use Z to cast anyway.) Throwing (i - inventory)
b - 832 stones (quivered)
Press: ? - help, Shift-Dir - straight line, f/p - ogre
Aim: an ogre, wielding a +0 giant club You throw a stone.
The stone barely misses the ogre.
Casting: Sandblast (safe; 8% risk of failure)
Confirm with . or Enter, or press ? or * to list all spells.
You can't see any susceptible monsters within range! (Use Z to cast anyway.)
Casting: Sandblast (safe; 8% risk of failure)
Confirm with . or Enter, or press ? or * to list all spells.
Aiming: Sandblast (safe; 8% risk of failure)
Press: ? - help, Shift-Dir - straight line, f/p - ogre
Aim: an ogre, wielding a +0 giant club You miscast Sandblast.
You are very lightly contaminated with residual magic.
You feel gritty.
Casting: Sandblast (safe; 8% risk of failure)
Confirm with . or Enter, or press ? or * to list all spells.
Aiming: Sandblast (safe; 8% risk of failure)
Press: ? - help, Shift-Dir - straight line, f/p - ogre
Aim: an ogre, wielding a +0 giant club You miscast Sandblast.
Nothing appears to happen.
The ogre hits you with a +0 giant club!
Casting: Sandblast (safe; 8% risk of failure)
Confirm with . or Enter, or press ? or * to list all spells.
Aiming: Sandblast (safe; 8% risk of failure)
Press: ? - help, Shift-Dir - straight line, f/p - ogre
Aim: an ogre, wielding a +0 giant club The blast of sand hits the ogre!
The ogre is heavily wounded.
b - 821 stones The ogre barely misses you.
The ogre closely misses you.
Casting: Sandblast (safe; 8% risk of failure)
Confirm with . or Enter, or press ? or * to list all spells.
Aiming: Blink Other (safe; 19% risk of failure)
Press: ? - help, Shift-Dir - straight line, f/p - ogre
Aim: an ogre, wielding a +0 giant club (heavily wounded, chance to defeat MR: 53%)
The ogre blinks!
Casting: Blink Other (safe; 19% risk of failure)
Confirm with . or Enter, or press ? or * to list all spells.
Aiming: Sandblast (safe; 8% risk of failure)
Press: ? - help, Shift-Dir - straight line, f/p - ogre
Aim: an ogre, wielding a +0 giant club (heavily wounded)
The blast of sand misses the ogre.
b - 811 stones
Casting: Sandblast (safe; 8% risk of failure)
Confirm with . or Enter, or press ? or * to list all spells.
Aiming: Blink Other (safe; 19% risk of failure)
Press: ? - help, Shift-Dir - straight line, f/p - ogre
Aim: an ogre, wielding a +0 giant club (heavily wounded, chance to defeat MR: 53%)
The ogre blinks!
Casting: Blink Other (safe; 19% risk of failure)
Confirm with . or Enter, or press ? or * to list all spells.
Aiming: Sandblast (safe; 8% risk of failure)
Press: ? - help, Shift-Dir - straight line, f/p - ogre
Aim: an ogre, wielding a +0 giant club (heavily wounded)
The blast of sand hits the ogre.
The ogre is severely wounded.
b - 801 stones
Casting: Sandblast (safe; 8% risk of failure)
Confirm with . or Enter, or press ? or * to list all spells.
Aiming: Sandblast (safe; 8% risk of failure)
Press: ? - help, Shift-Dir - straight line, f/p - ogre
Aim: an ogre, wielding a +0 giant club (translocational energy, severely wounded)
The blast of sand hits the ogre!
The ogre is almost dead.
b - 791 stones The ogre hits you with a +0 giant club!!
* * * LOW HITPOINT WARNING * * *
Casting: Sandblast (safe; 8% risk of failure)
Confirm with . or Enter, or press ? or * to list all spells.
Aiming: Blink Other (safe; 19% risk of failure)
Press: ? - help, Shift-Dir - straight line, f/p - ogre
Aim: an ogre, wielding a +0 giant club (almost dead, chance to defeat MR: 53%)
The ogre resists with significant effort.
The ogre hits you with a +0 giant club!!
Ouch! That really hurt!
You die...
Your body disappears without a glow.

#.##....## ##.# #.####..# #.# #l
#.####..# #.# #. #.......# ##+#
#. ##########.## ##...
#.#######........#.#####....
#......##.# ##.....##.....
w.####...##.##.#####..###.#......
..'w...........O@.....# #.'......
.#.O......รท...###.#..###.#......
#.###.#.#.##.# #.##.....##.....
###.#.##.###.##.#######....
###.#.##.......[# ##...
#.....##.###.#### ##'# #.#.####.#
#.# #.# #.#... ..# #.# #.#
....###### #.# ##.#


You could see an ogre.

Vanquished Creatures
  A dart slug (D:1)
  2 leopard geckos (D:1)
  2 giant cockroaches
  7 goblins
  4 hobgoblins
  5 bats
  6 frilled lizards
  3 kobolds
  2 rats
32 creatures vanquished.

Notes
Turn   | Place    | Note
-------+----------+-------------------------------------------
     0 | D:1      | Artagas the Ent Wanderer began the quest for the Orb.
     0 | D:1      | Artagas set off with the following items: a +0 club, a
                  | ration {!d}; and the following spells available to
                  | memorise: Sandblast, Slow, Apportation, Blink Other,
                  | Infusion, Summon Butterflies, Blink, Portal Projectile,
                  | Teleport Other, Passage of Golubria
     0 | D:1      | Reached XP level 1. HP: 18/18 MP: 7/7
     2 | D:1      | Learned a level 1 spell: Infusion
     4 | D:1      | Learned a level 1 spell: Slow
     6 | D:1      | Learned a level 1 spell: Summon Butterflies
     8 | D:1      | Learned a level 1 spell: Blink Other
    60 | D:1      | HP: 2/18 [kobold/+0 mace (2)]
    81 | D:1      | HP: 2/19 [goblin (1)]
    87 | D:1      | Reached skill level 1 in Fighting
   211 | D:1      | Learned a level 1 spell: Sandblast
   455 | D:1      | Reached XP level 2. HP: 29/29 MP: 9/9
   466 | D:1      | Reached skill level 2 in Earth Magic
   535 | D:1      | Learned a level 2 spell: Blink
   639 | D:1      | Reached skill level 1 in Maces & Flails
   683 | D:1      | Found a sparkling altar of Nemelex Xobeh.
   692 | D:1      | Became a worshipper of Nemelex Xobeh the Trickster
   727 | D:1      | Received a gift from Nemelex Xobeh
  1239 | D:2      | Reached XP level 3. HP: 37/37 MP: 10/10
  1359 | D:2      | Reached skill level 2 in Fighting
  1520 | D:2      | Received a gift from Nemelex Xobeh
  1527 | D:2      | Noticed an ogre
  1596 | D:2      | Mangled by an ogre

Skill      XL: |  1  2  3 |
---------------+----------+-----
Fighting       | 1 2 |  2.0
Earth Magic    | 2 |  2.0
Maces & Flails | 1 |  1.8
Throwing       | |  1.0
Stealth        | |  1.2
Spellcasting   | |  6.0
Hexes          | |  1.0
Fire Magic     | |  1.0

Action                   || total
-------------------------++-------
Melee: Club              ||   113
Throw: Stone             ||     7
 Cast: Sandblast         ||    18
       Slow              ||     3
       Summon Butterflie ||     2
       Infusion          ||     2
       Blink Other       ||     4
  Use: Potion            ||     1
       Scroll            ||     2
  Eat: Chunk             ||     6
Armor: Skin              ||   128
Dodge: Dodged            ||   106

Levels and vault maps discovered:
D:1:      dpeg_arrival_morbid_curiosity, layout_basic,
          nemelex_xobeh_ov_fountains_minmay
D:2:      layout_loops_corners

Table legend:
 A = Turns spent in this place as a percentage of turns spent in the entire game.
 B = Non-inter-level travel turns spent in this place as a percentage of non-inter-level travel turns spent in the entire game.
 C = Inter-level travel turns spent in this place as a percentage of turns spent in this place.
 D = Turns resting spent in this place as a percentage of non-inter-level travel turns spent in this place.
 E = Turns spent auto-exploring this place as a percentage of non-inter-level travel turns spent in this place.
 F = Non-inter-level travel turns spent in this place divided by the number of levels of this place that you've seen.
                   A       B       C       D       E      F
               +-------+-------+-------+-------+-------+----------------------
         Total | 100.0 | 100.0 |   3.3 |  19.1 |  53.4 | 772.0
       Dungeon | 100.0 | 100.0 |   3.3 |  19.1 |  53.4 | 772.0
               +-------+-------+-------+-------+-------+----------------------

Table legend:
 A = Kills in this place as a percentage of kills in entire the game.
 B = Kills by you in this place as a percentage of kills by you in the entire game.
 C = Kills by friends in this place as a percentage of kills by friends in the entire game.
 D = Other kills in this place as a percentage of other kills in the entire game.
 E = Experience gained in this place as a percentage of experience gained in the entire game.
 F = Experience gained in this place divided by the number of levels of this place that you have seen.
                   A       B       C       D       E      F
               +-------+-------+-------+-------+-------+----------------------
         Total | 100.0 | 100.0 |   N/A |   N/A | 100.0 |  26.0
       Dungeon | 100.0 | 100.0 |   N/A |   N/A | 100.0 |  26.0
               +-------+-------+-------+-------+-------+----------------------
